 Dungeon Crawl Stone Soup version 0.23.1 (webtiles) character file.

Game seed: 2252088020053808186

21 Borgoz the Sneak (level 2, -3/22 HPs)
             Began as a Ghoul Enchanter on Mar 3, 2019.
             Slain by a worm (9 damage)
             ... on level 2 of the Dungeon.
             The game lasted 00:01:02 (641 turns).

Borgoz the Sneak (Ghoul Enchanter)                   Turns: 641, Time: 00:01:02

Health: -3/22      AC:  2    Str: 11    XL:     2   Next: 83%
Magic:  3/3        EV: 12    Int: 10    God:
Gold:   25         SH:  0    Dex:  9    Spells: 3/4 levels left

rFire    . . .     SeeInvis .   a - +1 dagger
rCold    + . .     Gourm    .   (no shield)
rNeg     + + +     Faith    .   b - +0 robe
rPois    ∞         Spirit   .   (no helmet)
rElec    .         Reflect  .   (no cloak)
rCorr    .         Harm     .   (no gloves)
MR       .....                  (no boots)
Stlth    ++........             (no amulet)
HPRegen  0.00/turn              e - ring of wizardry (curse)
MPRegen  0.08/turn              (no ring)

@: rotting
A: rotting body, claws 1, carnivore, cold resistance 1, negative energy
resistance 3, inhibited regeneration, torment resistance, unbreathing
a: no special abilities


You were on level 2 of the Dungeon.
You were not hungry.

You visited 1 branch of the dungeon, and saw 2 of its levels.

You collected 25 gold pieces.

Inventory:

Hand Weapons
 a - a +1 dagger (weapon)
Armour
 b - a +0 robe (worn)
Jewellery
 e - a cursed ring of wizardry (left claw)
Scrolls
 g - a scroll of magic mapping {unknown}
 i - a scroll of identify {unknown}
Potions
 c - a potion of resistance {unknown}
 h - a potion of degeneration {unknown}
Comestibles
 d - 2 rations
 f - 5 chunks of flesh


   Skills:
 + Level 0.4 Fighting
 * Level 1.3 Short Blades
 + Level 0.6 Armour
 * Level 2.0 Dodging
 + Level 3.4 Stealth
 + Level 1.9 Spellcasting
 + Level 2.5 Hexes


You had 3 spell levels left.
You knew the following spells:

 Your Spells              Type           Power        Failure   Level  Hunger
a - Corona                Hex            #......      4%          1    ##.....

Your spell library contained the following spells:

 Spells                   Type           Power        Failure   Level  Hunger
 Ensorcelled Hibernation  Hex/Ice        #.....       12%         2    ###....
 Confuse                  Hex            #.......     14%         3    ####...
 Tukima's Dance           Hex            #.......     14%         3    ####...
 Dazzling Spray           Conj/Hex       #.....       22%         3    ####...


Dungeon Overview and Level Annotations

Branches:
Dungeon (2/15)

Altars:


Innate Abilities, Weirdness & Mutations

Your body is rotting away.
You thrive on raw meat.
You are immune to poison.
You have sharp fingernails.
You are carnivorous and can eat meat at any time.
Your flesh is cold resistant. (rC+)
You are immune to negative energy. (rN+++)
You do not regenerate when monsters are visible.
You are immune to unholy pain and torment.
You can survive without breathing.


Message History

The worm is moderately wounded.
You hit the worm.
The worm is heavily wounded.
The worm bites you!
You barely miss the worm.
The worm is moderately wounded.
You barely miss the worm.
The worm is moderately wounded.
The worm bites you!
* * * LOW HITPOINT WARNING * * *
You are too injured to fight recklessly!
You are too injured to fight recklessly!
You are too injured to fight recklessly!
You see here a bat corpse.
You butcher the bat corpse.
Things that are here:
a chunk of flesh; a bat skeleton
f - 5 chunks of flesh (gained 1)
The worm bites you!
You die...

.. #.# ... #.#
..≈.≈.. ... #.###.#
≈≈≈≈≈≈≈≈##.# #....<#
≈≈≈≈≈≈..##.# #####.#
≈≈≈≈≈≈..##.# #.#
≈.♣≈≈≈≈.##.########.#
≈_.≈≈≈.≈##..........#
...≈≈≈≈.##@##########
≈≈≈≈≈≈....w.......
≈≈≈≈≈≈..##.#######
≈≈≈≈≈≈.≈.....$....
≈.....≈≈##.#######
(.....≈≈##.#
....##...... ?...
#....... ...
#........


You could see a worm.

Vanquished Creatures
  2 dart slugs (D:1)
  A goblin (D:1)
  6 hobgoblins (D:1)
  2 bats
  2 frilled lizards (D:1)
  A kobold (D:1)
  2 rats (D:1)
16 creatures vanquished.

Notes
Turn   | Place    | Note
-------+----------+-------------------------------------------
     0 | D:1      | Borgoz the Ghoul Enchanter began the quest for the Orb.
     0 | D:1      | Reached XP level 1. HP: 14/14 MP: 2/2
    44 | D:1      | Reached skill level 1 in Short Blades
   208 | D:1      | Reached XP level 2. HP: 15/20 MP: 3/3
   628 | D:2      | Found a faded altar of an unknown god.
   641 | D:2      | Slain by a worm

Skill      XL: |  1  2 |
---------------+-------+-----
Short Blades   | 1 |  1.3
Dodging        | 2 |  2.0
Fighting       | |  0.4
Armour         | |  0.6
Stealth        | |  3.4
Spellcasting   | |  1.9
Hexes          | |  2.5

Action                   || total
-------------------------++-------
Melee: Dagger            ||    72
 Stab: Sleeping          ||     1
  Eat: Chunk             ||    11
Armor: Robe              ||     4
Dodge: Dodged            ||    41
